 Dungeon Crawl Stone Soup version 0.27-a0-1200-g94dc6ad4cf (webtiles) character file.

Game seed: 5830157267141222737

16 Morbidden the Skirmisher (level 2, -1/24 HPs)
             Began as a Demonspawn Fighter on May 31, 2021.
             Killed from afar by a dart slug (4 damage)
             ... with a slug dart
             ... on level 4 of the Dungeon.
             The game lasted 00:00:56 (923 turns).

Morbidden the Skirmisher (Demonspawn Fighter)        Turns: 923, Time: 00:00:56

Health: -1/24      AC:  6    Str: 16    XL:     2   Next: 41%
Magic:  2/2        EV:  6    Int:  9    God:
Gold:   54         SH:  8    Dex: 12    Spells: 1/1 levels left

rFire    . . .     SeeInvis .   a - +0 long sword
rCold    . . .     Faith    .   c - +0 kite shield
rNeg     . . .     Spirit   .   b - +0 scale mail
rPois    .         Reflect  .   (no helmet)
rElec    .         Harm     .   (no cloak)
rCorr    .         Rampage  .   (no gloves)
Will     .....                  (no boots)
Stlth    ..........             (no amulet)
HPRegen  0.08/turn              (no ring)
MPRegen  0.08/turn              (no ring)

@: very slow
A: hooves 1
a: no special abilities


You were on level 4 of the Dungeon.
You visited 1 branch of the dungeon, and saw 3 of its levels.

You collected 54 gold pieces.

Inventory:

Hand Weapons
 a - a +0 long sword (weapon)
Armour
 b - a +0 scale mail (worn)
 c - a +0 kite shield (worn)
Scrolls
 f - a scroll of identify {unknown}
Potions
 d - a potion of might
 e - a potion of magic {unknown}
 g - a potion of flight {unknown}
 h - a potion of haste {unknown}
 i - a potion of heal wounds {unknown}


   Skills:
 * Level 3.3 Fighting
 + Level 1.9 Long Blades
 + Level 2.9 Armour
 + Level 2.9 Shields


You had one spell level left.
You didn't know any spells.
Your spell library was empty.

Dungeon Overview and Level Annotations

Branches:
Dungeon (2/15)

Altars:
Cheibriados


Innate Abilities, Weirdness & Mutations

You have large cloven feet.


Message History

The phantom is lightly damaged.
The kobold barely misses you.
You riposte.
You barely miss the kobold.
The phantom hits you but does no damage.
The phantom hits you.
The phantom blinks!
You blink.
Found 16 gold pieces.
A jackal and a hobgoblin come into view.
You closely miss the phantom.
The phantom is lightly damaged.
The hobgoblin shouts!
The jackal barks!
The phantom hits you but does no damage.
Unknown command.
You closely miss the phantom. You kick the phantom, but do no damage.
The phantom is lightly damaged.
The phantom hits you.
The phantom blinks!
You blink.
You block the phantom's attack.
The hobgoblin hits you but does no damage.
You closely miss the phantom. The hobgoblin hits you. The phantom hits you.
* * * LOW HITPOINT WARNING * * *
The phantom blinks!
You blink.
You are too injured to fight recklessly!
You are too injured to fight recklessly!
You are too injured to fight recklessly!
You are too injured to fight recklessly!
Unknown command.
The kobold throws a stone.
You block the stone.
A dart slug comes into view.
You block the phantom's attack. The dart slug launches a dart at you.
You block the slug dart. The dart slug launches a dart at you.
The slug dart hits you.
* * * LOW HITPOINT WARNING * * *
Found a snail-covered altar of Cheibriados.
Unknown command.
Unknown command.
You enter the shallow water.
Moving in this stuff is going to be slow.
The dart slug launches a dart at you. The slug dart hits you.
You die...

#...........#
...+.........+
####.........##
##.......g.#
##.....##K##
##...###..##
##+####.h.##
###.≈≈≈W#
....≈≈≈≈@#
.###≈≈w≈≈#
#≈≈≈≈≈# #.≈≈≈.#
#.##_#.. #.#
###.# .. #.#
..#


You could see a phantom, a dart slug, a jackal, a hobgoblin and a kobold.

Vanquished Creatures
  A bat (D:1)
  3 endoplasms (D:1)
  A giant cockroach (D:2)
  2 goblins (D:1)
  2 hobgoblins (D:1)
  2 kobolds (D:1)
  A ball python (D:1)
  A frilled lizard (D:1)
  A rat (D:1)
14 creatures vanquished.

Notes
Turn   | Place    | Note
-------+----------+-------------------------------------------
     0 | D:1      | Morbidden the Demonspawn Fighter began the quest for the
                  | Orb.
     0 | D:1      | Reached XP level 1. HP: 18/18 MP: 1/1
   147 | D:1      | Gained mutation: You have large cloven feet. [demonic
                  | ancestry]
   147 | D:1      | Reached XP level 2. HP: 24/24 MP: 2/2
   908 | D:2      | You fall into a shaft and drop 2 floors!
   909 | D:4      | Noticed a phantom
   920 | D:4      | Found a snail-covered altar of Cheibriados.
   923 | D:4      | Killed from afar by a dart slug

Illustrated notes

Levels and vault maps discovered:
D:1:      lemuel_arrival_funnel, layout_basic, st_stairs_10, minmay_cut_off
D:2:      layout_rooms, uniq_natasha
D:4:      layout_loops_corners, kennysheep_slug_shrine, minmay_bent,
          uniq_sigmund, uniq_duvessa, uniq_grinder

Action                   || total
-------------------------++-------
Melee: Long sword        ||    37
       Kick              ||     8
Armor: Scale mail        ||    13
Dodge: Dodged            ||    13
Block: Kite shield       ||    25
       Rpst.: Long sword ||     5

Table legend: (Time is in decaauts)
 A = Elapsed time spent in this place.
 B = Non-inter-level travel time spent in this place.
 C = Inter-level travel time spent in this place.
 D = Time resting spent in this place.
 E = Time spent auto-exploring this place.
 F = Levels seen in this place.
 G = Mean time per level.
                   A        B        C        D        E       F      G
               +--------+--------+--------+--------+--------+-----+--------+
         Total |    941 |    835 |    106 |      0 |    707 |   3 |  313.7 |
       Dungeon |    941 |    835 |    106 |      0 |    707 |   3 |  313.7 |
               +--------+--------+--------+--------+--------+-----+--------+

Top non-repeatable levels by time:
     D:1: 919 daAuts
     D:4: 17 daAuts
     D:2: 4 daAuts
